 Dungeon Crawl Stone Soup version 0.24.0-13-gcf9b319 (webtiles) character file.

Game seed: 6961565646465269704, levelgen mode: deterministic

12744 Fang the Fighter (level 11, 0/73 HPs)
             Began as a Gargoyle Berserker on Nov 13, 2019.
             Was a High Priest of Trog.
             Splashed by an acid dragon's acid (14 damage)
             ... on level 11 of the Dungeon.
             The game lasted 00:10:32 (9660 turns).

Fang the Fighter (Gargoyle Berserker)               Turns: 9660, Time: 00:10:32

Health: 0/73       AC: 24    Str: 26    XL:     11   Next: 98%
Magic:  0/11       EV: 13    Int:  9    God:    Trog [*****.]
Gold:   594        SH:  0    Dex:  9    Spells: 10/10 levels left

rFire    + . .     SeeInvis .   z - +5 war axe of Doom {freeze, *Rage rPois rF+ rN+}
rCold    . . .     Gourm    .   (no shield)
rNeg     + + .     Faith    .   b - +2 plate armour
rPois    ∞         Spirit   +   t - +1 hat
rElec    +         Reflect  .   (no cloak)
rCorr    .         Harm     .   w - +1 pair of gloves
MR       ++...     Rnd*Rage +   (no boots)
Stlth    ..........             e - amulet of guardian spirit
HPRegen  1.22/turn              A - +3 ring of evasion
MPRegen  0.12/turn              D - +3 ring of strength

@: corroded, berserk cooldown, regenerating, slowed, very slow
A: negative energy resistance 1, electricity resistance, unbreathing,
petrification resistance, rot immunity, AC +8
a: Berserk, Trog's Hand, Brothers in Arms, Renounce Religion


You were on level 11 of the Dungeon.
You worshipped Trog.
Trog was extremely pleased with you.
You were not hungry.

You visited 2 branches of the dungeon, and saw 12 of its levels.
You also visited: Ossuary.

You collected 594 gold pieces.

Inventory:

Hand Weapons
 a - a +2 broad axe
 z - the +5 war axe of Doom (weapon) {freeze, *Rage rPois rF+ rN+}
   (You found it on level 4 of the Dungeon)

   It has been specially enchanted to freeze those struck by it, causing extra
   injury to most foes and up to half again as much damage against particularly
   susceptible opponents.
   It can also slow down cold-blooded creatures.
   It protects you from fire.
   It protects you from poison.
   It protects you from negative energy.
   It may make you go berserk in combat.
Armour
 b - a +2 plate armour (worn)
 t - a +1 hat (worn)
 w - a +1 pair of gloves (worn)
Jewellery
 e - an amulet of guardian spirit (around neck)
 h - an uncursed ring of ice
 v - an uncursed amulet of regeneration {unknown}
 x - an uncursed ring of flight
 A - a +3 ring of evasion (left hand)
 D - a +3 ring of strength (right hand)
Wands
 l - a wand of disintegration (10)
 r - a wand of iceblast (10)
 u - a wand of flame (10)
 y - a wand of digging (7)
 B - a wand of paralysis (6)
 H - a wand of random effects (29)
Scrolls
 f - 12 scrolls of remove curse
 i - a scroll of fear
 j - a scroll of magic mapping
 k - a scroll of holy word
 m - 4 scrolls of teleportation
 s - a scroll of identify
Potions
 d - 6 potions of curing
 g - a potion of agility
 n - 2 potions of berserk rage
 o - a potion of heal wounds {unknown}
 p - 2 potions of magic
 C - 3 potions of flight
Comestibles
 c - 15 rations
 q - 2 chunks of flesh


   Skills:
 + Level 10.8 Fighting
 + Level 9.2 Axes
 + Level 10.5 Armour
 + Level 8.1 Dodging


You had 10 spell levels left.
You didn't know any spells.
Your spell library was empty.

Dungeon Overview and Level Annotations

Branches:
Dungeon (11/15)            Temple (1/1) D:4            Lair (0/6) D:10
Ossuary (visited)
    Orc: D:9-12

Altars:
Ashenzari
Cheibriados
Beogh


Innate Abilities, Weirdness & Mutations

You are resistant to torment.
Your stone body is resilient. (AC +8)
You are immune to poison.
You resist negative energy. (rN+)
You are resistant to electric shocks. (rElec)
You can survive without breathing.
You are immune to petrification.
You are immune to rotting.


Message History

You hear a shout! x3
You completely miss the acid dragon. You hit the orc. You freeze the orc.
You kill the orc!
Trog accepts your kill. The gnoll hits you but does no damage.
You closely miss the acid dragon. The acid dragon completely misses you.
The acid dragon misses you.
The acid dragon bites you but does no damage.
The acid dragon claws you but does no damage.
You feel a strong urge to attack something.
You are no longer berserk.
You are exhausted.
You feel yourself slow down.
Your skin crawls.
You feel resistant to hostile enchantments.
You feel somewhat more hungry. The acid dragon spits acid at you.
The splash of acid hits you but does no damage.
The acid corrodes you!
You are splashed with acid!
You die...

%.....o...#. ..[
......... ....
...!.## .##..##
#))..##
.....#.###o)...#
...............#
.......(g.....##
.........D##..#
.......÷.@.####
.##........#
#........##
#.........#
.#..[......##
.......<....#
#..#.##.....#
##### ####.##
###


You could see an acid dragon, a gnoll and an orc.

Vanquished Creatures
  Gastronok (D:10)
  Snorg (D:10)
  Erolcha (D:9)
  Fannar (D:10)
  Harold (D:9)
  A two-headed ogre (D:10)
  Pikel (D:4)
  Joseph (D:10)
  The ghost of Twasazerg the Covert, a novice SpAs of Wu Jian (D:5)
  A gargoyle (D:10)
  A troll (D:9)
  2 meliai (D:11)
  Prince Ribbit (D:8)
  A hippogriff (D:7)
  A spriggan (D:7)
  Sigmund (D:3)
  Eustachio (D:6)
  A wraith (D:11)
  Edmund (D:6)
  Menkaure (D:6)
  A water moccasin (D:8)
  2 slaves (D:4)
  3 ice beasts
  A sky beast (D:9)
  A black bear (D:8)
  7 orc warriors
  An ogre (D:5)
  A necrophage (D:10)
  2 phantoms
  3 big kobolds
  6 bullfrogs
  3 scorpions
  4 wights (D:10)
  2 howler monkeys (D:10)
  4 centaur zombies (Ossuary)
  6 crimson imps
  A bullfrog zombie (D:5)
  4 human zombies (Ossuary)
  A hound (D:6)
  10 orc wizards
  8 orc priests
  3 bullfrog skeletons
  3 jellies
  4 iguanas
  Natasha (thrice) (D:4)
  9 worker ants
  A big kobold zombie (Ossuary)
  2 hound skeletons
  A hound zombie (D:7)
  2 mummies (Ossuary)
  A worker ant zombie (D:6)
  2 gnolls (D:11)
  A howler monkey skeleton (D:9)
  11 adders
  2 adder zombies
  7 worms
  2 dart slugs
  11 leopard geckos
  51 orcs
  10 bats
  8 giant cockroaches
  6 goblins
  6 hobgoblins
  2 jackals (D:6)
  7 quokkas
  A ball python (D:2)
  7 frilled lizards
  A giant cockroach zombie (D:2)
  A goblin zombie (D:6)
  7 hobgoblin zombies (Ossuary)
  A jackal skeleton (D:8)
  2 jackal zombies (Ossuary)
  16 kobolds
  6 kobold zombies (Ossuary)
  A leopard gecko skeleton (D:4)
  11 orc zombies (Ossuary)
  A quokka zombie (D:6)
  8 rats
  A rat zombie (Ossuary)
311 creatures vanquished.

Vanquished Creatures (collateral kills)
  An orc priest (D:5)
  An orc (D:5)
2 creatures vanquished.

Vanquished Creatures (others)
  An orc wizard (D:4)
  5 orcs (D:4)
6 creatures vanquished.

Grand Total: 319 creatures vanquished

Notes
Turn   | Place    | Note
-------+----------+-------------------------------------------
     0 | D:1      | Fang the Gargoyle Berserker began the quest for the Orb.
     0 | D:1      | Reached XP level 1. HP: 14/14 MP: 1/1
   338 | D:1      | Reached XP level 2. HP: 18/19 MP: 2/2
   835 | D:1      | Reached XP level 3. HP: 23/23 MP: 3/3
  1047 | D:2      | Reached ** piety under Trog
  1659 | D:2      | Reached XP level 4. HP: 28/29 MP: 4/4
  2349 | D:3      | Noticed Sigmund
  2358 | D:3      | Killed Sigmund
  2358 | D:3      | Reached XP level 5. HP: 19/34 MP: 0/5
  2358 | D:3      | Reached XP level 6. HP: 22/39 MP: 0/6
  2603 | D:3      | Found a snail-covered altar of Cheibriados.
  2791 | D:3      | Found a faded altar of an unknown god.
  2999 | D:4      | Reached *** piety under Trog
  3199 | D:4      | Noticed Natasha
  3204 | D:4      | Killed Natasha
  3204 | D:4      | Reached skill level 5 in Fighting
  3204 | D:4      | Reached XP level 7. HP: 37/44 MP: 7/7
  3318 | D:4      | Found a staircase to the Ecumenical Temple.
  3318 | D:4      | Noticed Natasha
  3329 | D:4      | Killed Natasha
  3367 | D:4      | Noticed Pikel
  3370 | Temple   | Entered the Ecumenical Temple
  3449 | D:4      | Killed Pikel
  3449 | D:4      | Reached skill level 5 in Armour
  3449 | D:4      | Reached XP level 8. HP: 51/51 MP: 8/8
  3462 | D:4      | Got a bone war axe
  3463 | D:4      | Identified the +5 war axe of Doom {freeze, *Rage rPois rF+
                  | rN+} (You found it on level 4 of the Dungeon)
  3539 | D:4      | Noticed Natasha
  3542 | D:4      | Killed Natasha
  3542 | D:4      | Reached skill level 5 in Axes
  3790 | D:5      | Entered Level 5 of the Dungeon
  4070 | D:5      | Found a shattered altar of Ashenzari.
  4190 | D:5      | Found a runed translucent gate.
  4190 | D:5      | Noticed Twasazerg's ghost (novice SpAs)
  4191 | D:5      | Found a runed translucent gate.
  4192 | D:5      | Found a roughly hewn altar of Beogh.
  4192 | D:5      | Found a runed translucent gate.
  4192 | D:5      | Identified the cursed +0 hand axe of Upetry {chop, rElec
                  | Int-3 Stlth+}
  4307 | D:6      | Reached **** piety under Trog
  4319 | D:6      | Found a sand-covered staircase.
  4335 | Ossuary  | Entered an ossuary
  4412 | Ossuary  | Received a gift from Trog
  4539 | Ossuary  | Reached XP level 9. HP: 56/56 MP: 9/9
  4745 | D:5      | Reached skill level 5 in Dodging
  4880 | D:5      | Killed Twasazerg's ghost
  5044 | D:6      | Noticed Edmund
  5054 | D:6      | Killed Edmund
  5131 | D:6      | Reached ***** piety under Trog
  5171 | D:6      | Noticed Menkaure
  5177 | D:6      | Killed Menkaure
  5285 | D:6      | Noticed Eustachio
  5297 | D:6      | Killed Eustachio
  5520 | D:7      | Received a gift from Trog
  5916 | D:7      | Reached XP level 10. HP: 58/64 MP: 8/10
  6711 | D:8      | Found a runed translucent door.
  6859 | D:8      | Noticed Prince Ribbit
  6946 | D:8      | Killed Prince Ribbit
  7177 | D:8      | Found a roughly hewn altar of Beogh.
  7234 | D:9      | Noticed Erolcha
  7241 | D:9      | Killed Erolcha
  8303 | D:9      | Noticed Harold
  8320 | D:9      | Killed Harold
  8320 | D:9      | Reached XP level 11. HP: 44/72 MP: 8/11
  8614 | D:10     | Entered Level 10 of the Dungeon
  8619 | D:10     | Noticed Fannar
  8632 | D:10     | Received a gift from Trog
  8639 | D:10     | Killed Fannar
  8712 | D:10     | Found a staircase to the Lair.
  8716 | D:10     | Noticed Joseph
  8731 | D:10     | Killed Joseph
  8731 | D:10     | Reached skill level 10 in Fighting
  8765 | D:10     | Noticed a two-headed ogre
  8775 | D:10     | Killed a two-headed ogre
  8788 | D:10     | Noticed Gastronok
  8803 | D:10     | Killed Gastronok
  8803 | D:10     | Reached skill level 10 in Armour
  9433 | D:10     | Noticed Snorg
  9438 | D:10     | Killed Snorg
  9660 | D:11     | Splashed by an acid dragon's acid

Levels and vault maps discovered:
D:1:      mrwooster_arrival_arrow, layout_basic
D:2:      cheibrodos_helix_gallery, layout_basic
D:3:      layout_rooms, lemuel_doored_altar,
          chequers_ecumenical_altar_simple_redux, uniq_sigmund
D:4:      layout_loops_cross, temple_pool_b, uniq_pikel, uniq_natasha
D:5:      layout_rooms, biasface_ghost_orc_armoury, first_ration,
          ashenzari_altar_1
D:6:      layout_loops_ring, enter_ossuary_4, uniq_edmund, uniq_menkaure,
          uniq_eustachio
D:7:      layout_loops_ring, kennysheep_cross_bottleneck,
          chequers_serial_rivers_micro_b, the_bakery, corexii_hall_statues_x,
          nicolae_benzene_ring, minmay_unpleasant_kobolds
D:8:      layout_loops_cross, lightli_church_of_beogh, uniq_prince_ribbit1
D:9:      layout_basic, uniq_harold, uniq_erolcha
D:10:     layout_loops_ring, lair_entry_dummy, uniq_joseph, uniq_snorg,
          uniq_fannar, uniq_gastronok
D:11:     layout_cave_pools, hiddenorc1_lemuel, roderic_roman_lattice
Temple:   compressed_dpeg_circular_temple

Skill      XL: |  1  2  3  4  5  6  7  8  9 10 11 |
---------------+----------------------------------+-----
Axes           | 3 4 5 6 8 9 |  9.2
Dodging        | 2 3 4 5 7 8 |  8.1
Armour         | 3 4 5 6 7 9 10 | 10.5
Fighting       | 4 5 6 8 9 10 | 10.8

Action                   |  1- 3 |  4- 6 |  7- 9 | 10-12 || total
-------------------------+-------+-------+-------+-------++-------
Melee: Hand axe          |   112 |   198 |    30 |       ||   340
       War axe           |       |       |   280 |   273 ||   553
Invok: Berserk           |     2 |     3 |     2 |     2 ||     9
       Brothers in Arms  |       |       |     1 |       ||     1
       Trog's Hand       |       |       |       |     1 ||     1
  Use: Scroll            |       |       |       |    23 ||    23
 Stab: Sleeping          |       |     1 |     1 |       ||     2
  Eat: Chunk             |     4 |     9 |     8 |    14 ||    35
       Ration            |       |       |     1 |       ||     1
Armor: Animal skin       |    48 |    81 |    21 |       ||   150
       Chain mail        |       |       |    98 |    17 ||   115
       Plate armour      |       |       |       |   132 ||   132
Dodge: Dodged            |    85 |   134 |   206 |   166 ||   591
